 Dungeon Crawl Stone Soup version 0.20.0-6-gd3061e9 (webtiles) character file.

153 mopl the Grave Robber (level 5, -1/35 HPs)
             Began as a Mummy Necromancer on May 28, 2017.
             Slain by an iguana (5 damage)
             ... on level 4 of the Dungeon.
             The game lasted 00:06:01 (3382 turns).

mopl the Grave Robber (Mummy Necromancer)           Turns: 3382, Time: 00:06:01

Health: -1/35      AC:  3    Str: 12    XL:     5   Next: 12%
Magic:  11/11      EV: 12    Int: 15    God:
Gold:   150        SH:  0    Dex: 12    Spells: 4/13 levels left

rFire    x . .     SeeInvis +   a - +0 short sword (venom)
rCold    + . .     Gourm    .   (no shield)
rNeg     + + +     Faith    .   e - +0 robe
rPois    ∞         Spirit   .   (no helmet)
rElec    .         Reflect  .   (no cloak)
rCorr    .         Harm     .   (no gloves)
MR       .....                  o - +0 pair of boots
Stlth    ++........             (no amulet)
Regen    0.2/turn               p - ring of see invisible
MPRegen  0.2/turn               (no ring)

@: no status effects
A: no food or potions, fire vulnerability, cold resistance 1, negative energy
resistance 3, torment resistance, unbreathing
a: no special abilities


You were on level 4 of the Dungeon.
You were not hungry.

You visited 1 branch of the dungeon, and saw 4 of its levels.

You collected 150 gold pieces.

Inventory:

Hand Weapons
 a - a +0 short sword of venom (weapon)
 b - a +0 hunting sling
Missiles
 d - 147 stones (quivered)
 j - 7 javelins
 k - 11 sling bullets
 l - 7 poisoned needles
 q - 10 tomahawks
Armour
 e - a +0 robe (worn)
 o - a +0 pair of boots (worn)
Jewellery
 p - a ring of see invisible (left hand)
Scrolls
 c - a scroll of immolation {!r}
 f - a scroll of enchant weapon
 g - a scroll of amnesia {unknown}
 i - a scroll of fear {unknown}
 m - 3 scrolls of teleportation {unknown}
 n - a scroll of random uselessness {unknown}
Books
 h - a book of Necromancy

   Spells                             Type                      Level
   a - Pain                           Necromancy                   1
   b - Animate Skeleton               Necromancy                   1
   c - Vampiric Draining              Necromancy                   3
   d - Regeneration                   Charms/Necromancy            3
   e - Animate Dead                   Necromancy                   4
   f - Control Undead                 Necromancy                   4


   Skills:
 - Level 1.5 Dodging
 - Level 1.5 Stealth
 + Level 4.5 Spellcasting
 * Level 5.6 Necromancy


You had 4 spell levels left.
You knew the following spells:

 Your Spells              Type           Power        Failure   Level  Hunger
a - Pain                  Necr           ###.         1%          1    N/A
b - Vampiric Draining     Necr           ###.......   4%          3    N/A
x - Animate Skeleton      Necr           N/A          1%          1    N/A
C - Control Undead        Necr           ###.......   17%         4    N/A

Dungeon Overview and Level Annotations

Branches:
Dungeon (4/15)
 Temple: D:4-7

Altars:
Fedhas

Annotations:
D:4 Sigmund


Innate Abilities, Weirdness & Mutations

You do not eat or drink.
Your flesh is vulnerable to fire.
You are immune to poison.
Your flesh is cold resistant. (rC+)
You are immune to negative energy. (rN+++)
You are immune to unholy pain and torment.
You can survive without breathing.


Message History

You hit the iguana but do no damage.
The iguana is poisoned.
The iguana barely misses you.
You hit the iguana but do no damage.
The iguana looks as sick as possible!
The iguana misses you.
You barely miss the iguana.
The iguana is moderately wounded.
The iguana bites you!
You are too injured to fight recklessly!
You are too injured to fight recklessly!
You hit the iguana.
The iguana looks as sick as possible!
The iguana is heavily wounded.
The iguana misses you.
You barely miss the iguana.
The iguana is heavily wounded.
The iguana bites you!
* * * LOW HITPOINT WARNING * * *
You barely miss the iguana.
The iguana is severely wounded.
The iguana bites you.
You die...

..........##+###
...............#
...............# .
#+#####'##.....+ ..
.........#.....# ...
.........+.....# ....
'#########.....####.?...
.....# #..............
.....+ #......@l......
.....# #.....$........
...### #..............
...####. #....#+####+###
........ #....# ........
#....# ...#######....##
...##<...#.....#
...##....#...<.#


You could see an iguana.

Vanquished Creatures
  An orc priest (D:3)
  2 adders
  An ooze (D:2)
  A worm (D:3)
  A dart slug (D:2)
  A leopard gecko (D:3)
  9 orcs
  4 giant cockroaches
  8 goblins
  11 hobgoblins
  9 jackals
  11 bats
  6 frilled lizards
  9 kobolds
  A leopard gecko skeleton (D:4)
  11 rats
86 creatures vanquished.

Notes
Turn   | Place    | Note
-------+----------+-------------------------------------------
     0 | D:1      | mopl the Mummy Necromancer began the quest for the Orb.
     0 | D:1      | Reached XP level 1. HP: 13/13 MP: 4/4
   129 | D:1      | Learned a level 1 spell: Animate Skeleton
   316 | D:1      | Reached XP level 2. HP: 15/19 MP: 1/5
   400 | D:1      | Reached skill level 3 in Spellcasting
  1132 | D:2      | Reached XP level 3. HP: 24/24 MP: 8/8
  1137 | D:2      | Learned a level 3 spell: Vampiric Draining
  1698 | D:2      | Found a blossoming altar of Fedhas.
  1868 | D:2      | Reached skill level 5 in Necromancy
  2120 | D:2      | Reached skill level 4 in Spellcasting
  2120 | D:2      | Reached XP level 4. HP: 30/30 MP: 10/10
  2128 | D:2      | Learned a level 4 spell: Control Undead
  2575 | D:3      | Reached XP level 5. HP: 20/35 MP: 11/11
  3259 | D:4      | Noticed Sigmund
  3382 | D:4      | Slain by an iguana

Skill      XL: |  1  2  3 |
---------------+----------+-----
Spellcasting   | 3 4 |  4.5
Necromancy     | 5 |  5.6
Dodging        | |  1.5
Stealth        | |  1.5

Action                   |  1- 3 |  4- 6 || total
-------------------------+-------+-------++-------
Melee: Short sword       |    20 |    89 ||   109
 Fire: Hunting sling     |   142 |    14 ||   156
 Cast: Pain              |    24 |    16 ||    40
       Animate Skeleton  |     1 |     1 ||     2
       Vampiric Draining |       |     2 ||     2
  Use: Scroll            |       |     6 ||     6
Armor: Robe              |    24 |    24 ||    48
Dodge: Dodged            |    77 |    79 ||   156
